 Dungeon Crawl Stone Soup version 0.32-a0-290-g598725c5f2 (webtiles) character file.

Game seed: 17730409083086859017

2387 Dittersdorf the Trooper (level 9, -2/85 HPs)
             Began as a Gargoyle Fighter on Feb 13, 2024.
             Was an Initiate of Gozag.
             Slain by an orc warrior
             ... wielding a +0 war axe
              (13 damage)
             ... in a bailey.
             The game lasted 00:06:40 (5208 turns).

Dittersdorf the Trooper (Gargoyle Fighter)          Turns: 5208, Time: 00:06:40

Health: -2/85      AC: 23    Str: 24    XL:     9   Next: 46%
Magic:  9/9        EV:  8    Int: 12    God:    Gozag
Gold:   788        SH:  5    Dex:  9    Spells: 8/8 levels left

rFire   . . .        o - +8 falchion of Twilight {drain, Int+3 Stlth+}
rCold   . . .        c - +0 buckler
rNeg    + . .        v - +0 chain mail
rPois   ∞            j - +0 helmet
rElec   +            (no cloak)
rCorr   .            u - +0 pair of gloves
SInv    .            (no boots)
Will    .....        t - amulet of magic regeneration Stlth
                     p - +4 ring of protection
HPRegen 0.34/turn    q - ring of flight
MPRegen 0.51/turn

%: no passive effects
@: mighty, berserking (expiring), gold aura, flying, invisible, very quick
A: sickness immunity, AC +6, negative energy resistance 1, electricity
resistance, torment resistance 1, petrification resistance
a: Renounce Religion, Potion Petition, Call Merchant, Bribe Branch


You were in a bailey.
You worshipped Gozag.
Gozag was pleased with you.
You visited 2 branches of the dungeon, and saw 8 of its levels.
You also visited: Bailey.

You collected 834 gold pieces.
You paid 46 gold pieces to Gozag.

Inventory:

Hand Weapons
 a - a +0 flail
 o - the +8 falchion of Twilight (weapon) {drain, Int+3 Stlth+}
   (You found it on level 3 of the Dungeon)

   Int+3:     It affects your intelligence (+3).
   Stlth+:    It makes you more stealthy.
Armour
 c - a +0 buckler (worn)
 j - a +0 helmet (worn)
 u - a +0 pair of gloves (worn)
 v - a +0 chain mail (worn)
Jewellery
 e - a ring of positive energy
 h - a ring of protection from cold
 p - a +4 ring of protection (left hand)
 q - a ring of flight (right hand)
 t - an amulet of magic regeneration (around neck)
Wands
 s - a wand of light (13) (quivered)
Scrolls
 f - 3 scrolls of teleportation {unknown}
 g - a scroll of enchant armour {unknown}
 l - 4 scrolls of amnesia {unknown}
 w - a scroll of immolation {unknown}
Potions
 b - 2 potions of mutation
 d - a potion of might
 i - 2 potions of curing {unknown}
 k - 2 potions of brilliance
 m - a potion of magic
 n - 2 potions of berserk rage


   Skills:
 + Level 7.6 Fighting
 + Level 5.1 Long Blades
 - Level 2.7 Maces & Flails
 + Level 7.5 Armour
 + Level 7.5 Shields


You had 8 spell levels left.
You didn't know any spells.
Your spell library contained the following spells:

 Spells                   Type           Power      Damage    Failure   Level
 Jinxbite                 Hex            0%         N/A       95%         2
 Mercury Vapours          Alch/Air       0%         N/A       95%         2
 Olgreb's Toxic Radiance  Alch           0%         N/A       100%        4
 Yara's Violent Unravell  Hex/Alch       0%         3d3       100%        5
 Enfeeble                 Hex            0%         N/A       100%        7
 Malign Gateway           Summ/Tloc      0%         N/A       100%        7
 Summon Horrible Things   Summ           0%         N/A       100%        8
 Polar Vortex             Ice            0%         N/A       100%        9


Dungeon Overview and Level Annotations

Branches:
Dungeon (7/15)             Temple (1/1) D:4          Bailey (1/1)

Altars:
Cheibriados
Dithmenos
Elyvilon
Fedhas
Gozag
Makhleb
Nemelex Xobeh
Qazlal
Ru
Sif Muna
Trog
Uskayaw
Vehumet
Yredelemnul
Zin
The Shining One

Shops:
D:4 !   D:5 (

Annotations:
Temple 2 transporters


Innate Abilities, Weirdness & Mutations

You are immune to sickness and miasma.
Your stone body is resilient. (AC +6)
You are immune to poison.
You resist negative energy. (rN+)
You are resistant to electric shocks. (rElec)
You are resistant to unholy torment.
You are immune to petrification.


Message History

The orc warrior hits you with a +0 war axe.
* * * LOW HITPOINT WARNING * * *
A goblin comes into view. It is wielding a +0 hand axe.
The orc warlord barely misses you.
You closely miss the orc warlord.
The orc warlord is severely wounded.
The goblin shouts!
You hit the orc warlord. You drain the orc warlord.
The orc warlord is severely wounded.
The goblin shouts!
The orc warrior hits you but does no damage.
The orc warlord roars a battlecry!
The orc warriors go into a battle-frenzy!
You hit the orc warlord.
The orc warlord is severely wounded.
The goblin shouts!
The orc warrior completely misses you. The orc warlord closely misses you.
You catch the helpless orc warlord completely off-guard!
You slash the orc warlord!
The orc warlord is severely wounded.
The goblin shouts!
You slash the orc warlord! You drain the orc warlord.
The orc warlord is almost dead.
The orc warrior hits you with a +0 war axe!
* * * LOW HITPOINT WARNING * * *
The orc warlord completely misses you.
You slash the orc warlord!
The orc warlord is almost dead.
The orc warrior shouts!
You barely miss the orc warlord.
The orc warlord is almost dead.
The orc warrior shouts!
The orc warrior closely misses you.
The orc warlord hits you with a +5 battleaxe.
* * * LOW HITPOINT WARNING * * *
You hit the orc warlord.
You kill the orc warlord!
The orc warrior hits you with a +0 war axe!
You die...
Your body crumbles into a pile of gold.

!... .... .....
..... #######
....⌠.
##.....##..g.g.
#.....$$oggooo.
##......@##
#......$..#
##.........##
#.....⌠.....#
##.........##
#.........#
##.......##
#.......#
##.....##


You could see 4 orc warriors, a gnoll (unable to see you), a hobgoblin (unable
to see you) and 2 goblins.

Vanquished Creatures
  An orc warlord (Bailey)
  Prince Ribbit (D:5)
  5 orc warriors (Bailey)
  3 ogres
  2 phantoms
  2 kobold brigands (D:6)
  A bullfrog (D:5)
  Blork the orc (D:5)
  3 scorpions
  A howler monkey (D:5)
  An orc priest (D:6)
  2 bombardier beetles (D:5)
  A jelly (D:5)
  4 hounds
  3 iguanas
  2 orc wizards (D:5)
  Ijyb (D:5)
  Terence (D:3)
  Robin (D:4)
  10 adders
  12 gnolls
  A shadow imp (D:5)
  A white imp (D:4)
  2 ribbon worms
  2 dart slugs
  18 orcs
  5 ball pythons
  6 endoplasms
  A giant cockroach (D:1)
  15 goblins
  11 hobgoblins
  2 quokkas (D:4)
  4 bats
  3 frilled lizards
  8 kobolds
  3 rats
140 creatures vanquished.

Notes
Turn   | Place    | Note
-------+----------+-------------------------------------------
     0 | D:1      | Dittersdorf the Gargoyle Fighter began the quest for the
                  | Orb.
     0 | D:1      | Reached XP level 1. HP: 14/14 MP: 1/1
   161 | D:1      | Reached XP level 2. HP: 19/19 MP: 2/2
   414 | D:1      | Found a faded altar of an unknown god.
   598 | D:1      | Reached XP level 3. HP: 17/24 MP: 3/3
  1146 | D:2      | Got the Annotations on Frigorific Decomposition
  1225 | D:2      | Reached XP level 4. HP: 29/29 MP: 4/4
  1610 | D:3      | Identified the +8 falchion of Twilight {drain, Int+3
                  | Stlth+}
  1663 | D:3      | Noticed Terence
  1671 | D:3      | Killed Terence
  1793 | D:3      | Reached XP level 5. HP: 33/33 MP: 5/5
  2153 | D:4      | Found a staircase to the Ecumenical Temple.
  2169 | Temple   | Found a transporter.
  2169 | Temple   | Found a transporter.
  2169 | Temple   | Found a transporter.
  2169 | Temple   | Found a transporter.
  2169 | Temple   | Entered the Ecumenical Temple
  2185 | Temple   | Became a worshipper of Gozag Ym Sagoz the Greedy
  2239 | D:4      | Noticed Robin
  2249 | D:4      | Killed Robin
  2259 | D:4      | Reached skill level 1 in Long Blades
  2322 | D:4      | Found Wuosyts's Distillery.
  2467 | D:4      | Reached XP level 6. HP: 36/39 MP: 6/6
  2939 | D:5      | Entered Level 5 of the Dungeon
  2968 | D:5      | Noticed Ijyb
  2975 | D:5      | Reached skill level 5 in Fighting
  2977 | D:5      | Killed Ijyb
  2978 | D:5      | Reached skill level 5 in Shields
  3046 | D:5      | Reached skill level 5 in Armour
  3046 | D:5      | Reached XP level 7. HP: 44/44 MP: 7/7
  3085 | D:5      | Noticed Prince Ribbit
  3113 | D:5      | Killed Prince Ribbit
  3257 | D:5      | Found Unwaidiath's Weapon Emporium.
  3287 | D:5      | Reached XP level 8. HP: 29/51 MP: 8/8
  3620 | D:5      | Found a radiant altar of Vehumet.
  4054 | D:6      | Noticed Blork the orc
  4121 | D:5      | Killed Blork the orc
  4512 | D:6      | Reached XP level 9. HP: 56/56 MP: 9/9
  4833 | D:7      | Found a flagged portal.
  4908 | Bailey   | Entered a bailey
  5168 | Bailey   | Reached skill level 5 in Long Blades
  5170 | Bailey   | Noticed an orc warlord
  5208 | Bailey   | Killed an orc warlord
  5208 | Bailey   | Slain by an orc warrior

Illustrated notes

Levels and vault maps discovered:
D:1:      giann_forest_graveyard, layout_loops_corners, serial_forest,
          infiniplex_forest_clump_curved, infiniplex_forest_lined_room_,
          infiniplex_forest_clump_small, infiniplex_forest_straight_2,
          infiniplex_forest_clump_long, infiniplex_forest_zigzag_2,
          infiniplex_forest_clump_tiny, infiniplex_forest_lined_2,
          infiniplex_forest_clump_long, infiniplex_forest_end_2,
          shapermc_ecumenical_altar_totnotflames
D:2:      layout_rooms, st_stairs_8
D:3:      layout_loops_ring, uniq_terence
D:4:      layout_basic, minmay_temple_entry_trees, serial_shops, shop,
          minmay_misc_feat_tower, uniq_robin
D:5:      layout_basic, nicolae_vehumet_altar_sigil, serial_shops,
          shop_fountains, minmay_splitting_lines, uniq_ijyb, uniq_prince_ribbit1
D:6:      layout_cave_pools, uniq_blork_the_orc
D:7:      layout_basic, enter_bailey_6, nicolae_tricolors
Temple:   hellmonk_temple_divided_pantheon
Bailey:   bailey_axe_minmay_hex_keep, bailey

Skill      XL: |  1  2  3  4  5  6  7  8  9 |
---------------+----------------------------+-----
Fighting       | 4 5 6 7 |  7.6
Shields        | 4 5 6 7 |  7.5
Armour         | 4 5 6 7 |  7.5
Long Blades    | 1 2 3 4 5 |  5.1
Maces & Flails | |  2.7

Action                     |  1- 3 |  4- 6 |  7- 9 || total
---------------------------+-------+-------+-------++-------
  Melee: Flail             |   119 |    21 |       ||   140
         Falchion          |       |    91 |   274 ||   365
    Use: Scroll            |       |     5 |     5 ||    10
         Potion            |       |       |     3 ||     3
   Stab: Distracted        |       |       |     2 ||     2
         Invisible         |       |       |     3 ||     3
 Armour: Scale mail        |    89 |    74 |    53 ||   216
         Chain mail        |       |       |   177 ||   177
  Dodge: Dodged            |    78 |    47 |   112 ||   237
  Block: Buckler           |    28 |    24 |    67 ||   119

Table legend: (Time is in decaauts)
 A = Elapsed time spent in this place.
 B = Non-inter-level travel time spent in this place.
 C = Inter-level travel time spent in this place.
 D = Time resting spent in this place.
 E = Time spent auto-exploring this place.
 F = Levels seen in this place.
 G = Mean time per level.
                   A        B        C        D        E       F      G
               +--------+--------+--------+--------+--------+-----+--------+
         Total |   5303 |   5076 |    227 |    197 |   3551 |   9 |  589.2 |
       Dungeon |   4962 |   4735 |    227 |    197 |   3382 |   7 |  708.9 |
        Temple |     36 |     36 |      0 |      0 |      0 |   1 |   36.0 |
        Bailey |    304 |    304 |      0 |      0 |    169 |   1 |  304.0 |
               +--------+--------+--------+--------+--------+-----+--------+

Top non-repeatable levels by time:
     D:5: 1227 daAuts
     D:1: 1017 daAuts
     D:4: 803 daAuts
     D:3: 611 daAuts
     D:6: 608 daAuts
     D:2: 535 daAuts
  Bailey: 304 daAuts
     D:7: 158 daAuts
  Temple: 36 daAuts
